 Dungeon Crawl Stone Soup version 0.28-a0-938-gbc3f381 (webtiles) character file.

Game seed: 8144371988490051281

83 Remcycle the Chopper (level 4, -1/35 HPs)
             Began as a Formicid Cinder Acolyte on Nov 28, 2021.
             Was a High Priest of Ignis.
             Slain by a gnoll (4 damage)
             ... on level 3 of the Dungeon.
             The game lasted 00:05:47 (2522 turns).

Remcycle the Chopper (Formicid Cinder Acolyte)      Turns: 2522, Time: 00:05:47

Health: -1/35      AC:  8    Str: 19    XL:     4   Next: 71%
Magic:  6/6        EV:  7    Int: 14    God:    Ignis [*****.]
Gold:   63         SH:  0    Dex:  6    Spells: 6/6 levels left

rFire   + . .      SeeInvis +   a - -1 hand axe (flame)
rCold   . . .      Faith    .   (no shield)
rNeg    . . .      Spirit   .   i - +0 chain mail
rPois   .          Reflect  .   (helmet unavailable)
rElec   .          Harm     .   (no cloak)
rCorr   +          Rampage  .   (no gloves)
Will    .....                   (no boots)
Stlth   ..........              (no amulet)
HPRegen 0.11/turn               e - ring of resist corrosion
MPRegen 0.10/turn               (no ring)

@: no status effects
A: permanent stasis, dig shafts and tunnels, antennae 3, four strong arms
a: Dig, Shaft Self, Renounce Religion, Fiery Armour, Foxfire Swarm, Rising Flame


You were on level 3 of the Dungeon.
You worshipped Ignis.
Ignis was extremely pleased with you.
You visited 1 branch of the dungeon, and saw 3 of its levels.

You collected 63 gold pieces.

Inventory:

Hand Weapons
 a - a -1 hand axe of flaming (weapon)
Missiles
 k - 19 poisoned darts
Armour
 b - a +0 robe
 i - a +0 chain mail (worn)
Jewellery
 e - a ring of resist corrosion (left hand)
 n - a ring of wizardry
Scrolls
 f - 4 scrolls of identify {unknown}
 h - a scroll of summoning {unknown}
 l - a scroll of teleportation {unknown}
 m - a scroll of magic mapping {unknown}
Potions
 c - a potion of berserk rage {unknown}
 d - a potion of might {unknown}
 g - a potion of heal wounds {unknown}
 j - a potion of cancellation {unknown}


   Skills:
 - Level 3.2 Fighting
 * Level 4.7 Axes
 - Level 1.6 Spellcasting
 - Level 3.2 Fire Magic


You had 6 spell levels left.
You didn't know any spells.
Your spell library contained the following spells:

 Spells                   Type           Power      Damage    Failure   Level
 Scorch                   Fire           20%        2d6       80%         2


Dungeon Overview and Level Annotations

Branches:
Dungeon (3/15)

Altars:
Fedhas


Innate Abilities, Weirdness & Mutations

You cannot be hasted, slowed, berserked, paralysed or teleported.
You can dig through walls and to a lower floor.
You have a pair of large antennae on your head. (SInv)
Your four strong arms can wield two-handed weapons with a shield.


Message History

There is a stone staircase leading down here.
You start resting.
HP restored.
You climb downwards.
There is a stone staircase leading up here.
Flames leap up around you!
The gnoll hits you from afar with a +0 spear.
The gnoll hits you but does no damage.
The foxfire hits the gnoll but does no damage.
The foxfire hits the gnoll.
The gnoll is moderately wounded.
The foxfire hits the gnoll.
The gnoll is severely wounded.
The gnoll hits you from afar with a +0 spear.
The gnoll hits you with a +0 club.
Your foxfire dissipates!
Your foxfire dissipates!
The gnoll hits you from afar with a +0 halberd.
You hit the gnoll but do no damage.
The gnoll is severely wounded.
The gnoll hits you from afar with a +0 halberd.
The gnoll hits you with a +0 spear.
The gnoll hits you from afar with a +0 halberd.
* * * LOW HITPOINT WARNING * * *
You are too injured to fight recklessly!
You are too injured to fight recklessly!
You hit the gnoll. You burn the gnoll.
The gnoll is almost dead.
The gnoll barely misses you.
The gnoll hits you from afar with a +0 halberd.
* * * LOW HITPOINT WARNING * * *
You hit the gnoll but do no damage.
The gnoll is almost dead.
The gnoll barely misses you.
The gnoll hits you from afar with a +0 halberd.
* * * LOW HITPOINT WARNING * * *
You completely miss the gnoll.
The gnoll is almost dead.
The gnoll hits you with a +0 spear.
You die...

..# ##...## ####.#### #.#
##.....## #.#### #.###.......##
##....#
#.##.........####...#.#########..
...+.........'..........g........
#.##.........####..g#.#######....
#.###.......## #gg.รท..# .##. ..#
##.....## #g###### .# ### ##...##
#@# .# ######'## #.# .#
###...##.### #.# .# ...........#
#.# .# ##....##.#.# #.#
#.#.##....#####.#
#.#.#.........(.#
#.........####### #######.###


You could see 3 gnolls.

Vanquished Creatures
  An adder (D:2)
  3 worms (D:2)
  5 dart slugs
  5 ball pythons
  3 endoplasms (D:1)
  2 giant cockroaches
  5 goblins
  4 hobgoblins (D:1)
  6 kobolds
  4 quokkas
  6 bats
  5 frilled lizards
  7 rats
56 creatures vanquished.

Vanquished Creatures (others)
  3 foxfires (D:3)
3 creatures vanquished.

Grand Total: 59 creatures vanquished

Notes
Turn   | Place    | Note
-------+----------+-------------------------------------------
     0 | D:1      | Remcycle the Formicid Cinder Acolyte began the quest for
                  | the Orb.
     0 | D:1      | Reached XP level 1. HP: 18/18 MP: 2/2
   201 | D:1      | Found a faded altar of an unknown god.
   220 | D:1      | Reached XP level 2. HP: 24/24 MP: 4/4
   400 | D:1      | Reached XP level 3. HP: 26/29 MP: 5/5
   958 | D:2      | Reached skill level 4 in Axes
  1025 | D:2      | Reached XP level 4. HP: 25/35 MP: 6/6
  1188 | D:2      | Found a blossoming altar of Fedhas.
  2522 | D:3      | Slain by a gnoll

Illustrated notes

Levels and vault maps discovered:
D:1:      wander_arrival_peaceful_grave, layout_basic,
          ebering_ecumenical_altar_webs
D:2:      layout_basic, basic_altar, minmay_misc_feat_doors,
          chequers_serial_rivers_large_b
D:3:      layout_loops_corners, grunt_ministairs_1

Skill      XL: |  1  2  3 |
---------------+----------+-----
Axes           | 4 |  4.7
Fighting       | |  3.2
Spellcasting   | |  1.6
Fire Magic     | |  3.2

Action                   |  1- 3 |  4- 6 || total
-------------------------+-------+-------++-------
Melee: Hand axe          |    74 |    92 ||   166
Invok: Fiery Armour      |     1 |       ||     1
       Foxfire Swarm     |       |     1 ||     1
Armor: Robe              |    19 |       ||    19
       Chain mail        |    11 |    53 ||    64
Dodge: Dodged            |    32 |    38 ||    70

Table legend: (Time is in decaauts)
 A = Elapsed time spent in this place.
 B = Non-inter-level travel time spent in this place.
 C = Inter-level travel time spent in this place.
 D = Time resting spent in this place.
 E = Time spent auto-exploring this place.
 F = Levels seen in this place.
 G = Mean time per level.
                   A        B        C        D        E       F      G
               +--------+--------+--------+--------+--------+-----+--------+
         Total |   2566 |   2491 |     75 |    362 |   1706 |   3 |  855.3 |
       Dungeon |   2566 |   2491 |     75 |    362 |   1706 |   3 |  855.3 |
               +--------+--------+--------+--------+--------+-----+--------+

Top non-repeatable levels by time:
     D:2: 1395 daAuts
     D:1: 943 daAuts
     D:3: 227 daAuts
